 Dungeon Crawl Stone Soup version 0.28.0-53-g5a82cb258f (webtiles) character file.

Game seed: 2014108673584230393

24 Descartes the Sneak (level 2, -1/14 HPs)
             Began as a Felid Monk on July 13, 2022.
             Slain by an adder (4 damage)
             ... on level 2 of the Dungeon.
             The game lasted 00:01:26 (1702 turns).

Descartes the Sneak (Felid Monk)                    Turns: 1702, Time: 00:01:27

Health: -1/14      AC:  1    Str:  7    XL:     2   Next: 79%
Magic:  3/3        EV: 19    Int: 11    God:
Gold:   17         SH:  0    Dex: 18    Spells: 1/1 levels left
                                        Lives:  0   Deaths: 0

rFire   . . .      SeeInvis +     - Unarmed
rCold   . . .      Faith    .   (shield unavailable)
rNeg    . . .      Spirit   .   (armour unavailable)
rPois   .          Reflect  .   (helmet unavailable)
rElec   .          Harm     .   (cloak unavailable)
rCorr   .          Rampage  .   (gloves unavailable)
Will    .....                   (boots unavailable)
Stlth   +++.......              (no amulet)
HPRegen 0.04/turn               (no ring)
MPRegen 0.08/turn               (no ring)

@: lethally poisoned (-1 -> -8), quick
A: very small, claws 1, fangs 3, see invisible, speed 1, shaggy fur 1, stealthy
paws, no weapons or thrown items, no armour, multi-lived
a: no special abilities


You were on level 2 of the Dungeon.
You visited 1 branch of the dungeon, and saw 2 of its levels.

You collected 17 gold pieces.

Inventory:

Scrolls
 b - a scroll of teleportation {unknown}
Potions
 a - a potion of cancellation {unknown}
 c - a potion of berserk rage {unknown}
 d - a potion of mutation {unknown}
 e - 2 potions of flight {unknown}
 f - a potion of might {unknown}


   Skills:
 - Level 3.0 Fighting
 - Level 4.0 Dodging
 + Level 4.8 Stealth
 - Level 3.0 Unarmed Combat


You had one spell level left.
You didn't know any spells.
Your spell library contained the following spells:

 Spells                   Type           Power      Damage    Failure   Level
 Fireball                 Conj/Fire      0%         3d3       100%        5
 Irradiate                Conj/Tmut      0%         3d14      100%        5
 Iskenderun's Battlesphe  Conj           0%         2d6       100%        5


Dungeon Overview and Level Annotations

Branches:
Dungeon (2/15)

Altars:

Shops:
D:2 *


Innate Abilities, Weirdness & Mutations

You have sharp claws.
You have razor-sharp teeth.
You have supernaturally acute eyesight. (SInv)
You cover ground quickly. (Speed+)
You are covered in fur. (AC +1)
Your paws help you pounce on unaware monsters.
You are incapable of wielding weapons or throwing items.
You cannot wear armour.
You gain extra lives every three experience levels.


Message History

You scratch the ball python but do no damage.
The ball python barely misses you. The ball python grabs you.
The ball python constricts you.
An adder comes into view.
The adder hisses angrily.
You scratch the ball python. You bite the ball python.
You kill the ball python!
You scratch the kobold but do no damage.
You claw the kobold, but do no damage. The kobold misses you.
You scratch the kobold.
You kill the kobold!
The adder barely misses you.
Things that are here:
a +0 short sword; 2 stones; a kobold corpse You scratch the adder.
The adder is heavily wounded.
The adder closely misses you. The adder completely misses you.
You closely miss the adder.
The adder is heavily wounded.
The adder completely misses you.
You barely miss the adder.
The adder is heavily wounded.
The adder bites you.
You are poisoned.
The adder poisons you!
You closely miss the adder.
The adder is moderately wounded.
You feel sick. The adder closely misses you.
You are too injured to fight recklessly!
An adder is nearby!
You closely miss the adder. Your bite misses the adder.
The adder is moderately wounded.
You feel sick. The adder bites you.
You are lethally poisoned!
The adder poisons you!
You miss the adder. Your bite misses the adder.
The adder is moderately wounded.
* * * LOW HITPOINT WARNING * * *
You feel sick. The adder bites you.
You die...

.....# #.#.# .###.
.....# #.#'###.....
.....####.........#
....... ..........#
.....#####..∩.....#
......†...........#
.....####.........#
#.#### #.........#
#.# #.......@.# ..#
#........S......
###
#.#.######......
...#.# ......
....... .....
#.##.... ..... #.
#... .... ....


You could see an adder.

Vanquished Creatures
  A dart slug (D:2)
  3 ball pythons
  2 endoplasms (D:1)
  2 giant cockroaches (D:1)
  A hobgoblin (D:1)
  3 quokkas
  A bat (D:1)
  3 frilled lizards (D:1)
  A goblin (D:1)
  A kobold (D:2)
  5 rats (D:1)
23 creatures vanquished.

Notes
Turn   | Place    | Note
-------+----------+-------------------------------------------
     0 | D:1      | Descartes the Felid Monk began the quest for the Orb.
     0 | D:1      | Reached XP level 1. HP: 10/10 MP: 2/2
   426 | D:1      | Found a faded altar of an unknown god.
   553 | D:1      | Got Moqumyz's Papyrus of Combat Magic
   566 | D:1      | Reached XP level 2. HP: 14/14 MP: 3/3
  1679 | D:2      | Found Numuots's General Store.
  1702 | D:2      | Slain by an adder

Illustrated notes

Levels and vault maps discovered:
D:1:      ncdulo_watergridlock, layout_rooms,
          hellmonk_ecumenical_altar_crossroads
D:2:      layout_basic, serial_shops, shop

Skill      XL: |  1 |
---------------+----+-----
Stealth        | 4 |  4.8
Fighting       | |  3.0
Dodging        | |  4.0
Unarmed Combat | |  3.0

Action                   || total
-------------------------++-------
Melee: Unarmed           ||    72
       Bite              ||     4
       Punch             ||     3
 Stab: Sleeping          ||     4
Armor: Skin              ||     2
Dodge: Dodged            ||    55
